 Dungeon Crawl Stone Soup version 0.22-a0-443-g17c3723931 (webtiles) character file.

491 Ordine the Poker (level 7, -2/50 HPs)
             Began as a Merfolk Skald on May 31, 2018.
             Slain by a gnoll
             ... wielding a +0 spear
              (4 damage)
             ... on level 4 of the Dungeon.
             The game lasted 00:13:28 (4141 turns).

Ordine the Poker (Merfolk Skald)                    Turns: 4141, Time: 00:13:29

Health: -2/50      AC:  6    Str: 11    XL:     7   Next: 14%
Magic:  7/12       EV: 12    Int: 13    God:
Gold:   127        SH:  0    Dex: 15    Spells: 4/12 levels left

rFire    . . .     SeeInvis .   a - +0 trident
rCold    . . .     Gourm    .   (no shield)
rNeg     . . .     Faith    .   b - +1 leather armour
rPois    +         Spirit   .   (no helmet)
rElec    .         Reflect  .   j - +0 cloak
rCorr    .         Harm     .   (no gloves)
MR       .....     Clarity  +   k - +0 pair of boots
Stlth    +.........             (no amulet)
HPRegen  1.16/turn              (no ring)
MPRegen  0.13/turn              (no ring)

@: regenerating
A: change form in water, swift swim, stealthy swim, agile 1, clarity, dopey 1,
sense surroundings 1, poison resistance, wild magic 1, evolution 1
a: no special abilities


You were on level 4 of the Dungeon.
You were not hungry.

You visited 1 branch of the dungeon, and saw 4 of its levels.

You collected 127 gold pieces.

Inventory:

Hand Weapons
 a - a +0 trident (weapon)
Armour
 b - a +1 leather armour (worn)
 j - a +0 cloak (worn)
 k - a +0 pair of boots (worn)
Scrolls
 c - a scroll of teleportation
 h - a scroll of fog
 l - a scroll of blinking
 m - a scroll of fear
 o - a scroll of immolation
 p - a scroll of enchant weapon
Potions
 e - a potion of brilliance
 g - 3 potions of heal wounds
 n - 2 potions of curing
 q - a potion of agility
 r - a potion of invisibility
Comestibles
 d - 5 rations


   Skills:
 - Level 2.1 Fighting
 * Level 7.9 Polearms
 - Level 0.6 Armour
 - Level 2.6 Dodging
 + Level 3.3 Spellcasting
 + Level 5.6 Charms


You had 4 spell levels left.
You knew the following spells:

 Your Spells              Type           Power        Failure   Level  Hunger
a - Infusion              Chrm           ###.         5%          1    #......
b - Song of Slaying       Chrm           ###.....     7%          2    ##.....
c - Shroud of Golubria    Chrm/Tloc      ##........   21%         2    ##.....
d - Regeneration          Chrm/Necr      ##........   36%         3    ###....

Your spell library contained the following spells:

 Spells                   Type           Power        Failure   Level  Hunger
 Spectral Weapon          Hex/Chrm       ##......     36%         3    ###....


Dungeon Overview and Level Annotations

Branches:
Dungeon (4/15)
 Temple: D:4-7

Altars:
Fedhas
Uskayaw


Innate Abilities, Weirdness & Mutations

You revert to your normal form in water.
You are very nimble and swift while swimming.
You are very stealthy in the water. (Stealth+)
You are agile. (Dex +2)
You possess an exceptional clarity of mind.
You are dopey. (Int -2)
You passively map a small area around you.
Your system is resistant to poisons. (rPois)
Your spells are a little harder to cast, but a little more powerful.
You evolve.


Message History

Unknown command.
You hit the phantom.
The phantom is almost destroyed.
The gnoll closely misses you. The gnoll barely misses you.
Casting: Infusion (safe; 5% risk of failure)
Confirm with . or Enter, or press ? or * to list all spells.
Space distorts slightly along a thin shroud covering your body.
Your shroud bends the phantom's attack away.
The gnoll misses you.
Your shroud bends the gnoll's attack away.
Casting: Shroud of Golubria (safe; 21% risk of failure)
Confirm with . or Enter, or press ? or * to list all spells.
Your skin crawls.
The phantom hits you.
* * * LOW HITPOINT WARNING * * *
The phantom blinks!
The gnoll hits you from afar with a spear!
* * * LOW HITPOINT WARNING * * *
Your shroud falls apart!
The gnoll hits you from afar with a spear.
You die...

##.., #....,g..#
#.... #...# ...#
#....##...##.g.#
##..........†..#
,
........W.##...#
,
.........g######
####+##.gg##...#
####)##...# ,
#...@.....# *
#...§.....# ,* ,
#.........# .##..
#.........# ,
......#.........#
,.....#....##...#
>
*#...####)######
, #...##.).# , *
* ##........# ,,*


You could see a phantom and 3 gnolls.

Vanquished Creatures
  An ice beast (D:4)
  A scorpion (D:4)
  Crazy Yiuf (D:2)
  A centaur skeleton (D:4)
  2 orc priests
  2 worker ants
  2 iguanas
  A gnoll (D:4)
  4 adders
  An ooze (D:3)
  2 worms (D:3)
  2 dart slugs (D:1)
  2 leopard geckos
  7 orcs
  9 bats
  5 giant cockroaches
  A goblin (D:1)
  5 hobgoblins (D:1)
  3 jackals (D:1)
  8 kobolds
  3 quokkas
  4 frilled lizards
  7 rats
74 creatures vanquished.

Notes
Turn   | Place    | Note
-------+----------+-------------------------------------------
     0 | D:1      | Ordine the Merfolk Skald began the quest for the Orb.
     0 | D:1      | Reached XP level 1. HP: 16/16 MP: 3/3
    54 | D:1      | Reached XP level 2. HP: 2/22 MP: 0/5
   515 | D:1      | Reached skill level 4 in Polearms
   556 | D:1      | Reached XP level 3. HP: 27/27 MP: 6/6
   641 | D:1      | You fall through a shaft!
   788 | D:1      | HP: 1/27 [adder (3)]
   790 | D:1      | Gained mutation: Scrolls take you a little longer to read. [potion of mutation]
   790 | D:1      | Gained mutation: You occasionally shout uncontrollably at your foes. [potion of mutation]
   790 | D:1      | Gained mutation: Your spells are a little harder to cast, but a little more powerful. [potion of mutation]
   790 | D:1      | Gained mutation: You evolve. [potion of mutation]
  1119 | D:2      | Reached XP level 4. HP: 11/33 MP: 7/7
  1171 | D:2      | Lost mutation: Scrolls take you a little longer to read. [potion of mutation]
  1171 | D:2      | Lost mutation: You occasionally shout uncontrollably at your foes. [potion of mutation]
  1171 | D:2      | Gained mutation: You possess an exceptional clarity of mind. [potion of mutation]
  1171 | D:2      | Gained mutation: You passively map a small area around you. [potion of mutation]
  1171 | D:2      | Gained mutation: Your system is resistant to poisons. (rPois) [potion of mutation]
  1171 | D:2      | Gained mutation: You are agile. (Dex +2) [potion of mutation]
  1369 | D:2      | Gained mutation: You are dopey. (Int -2) [evolution]
  1468 | D:2      | Found a runed door.
  1479 | D:2      | Learned a level 2 spell: Song of Slaying
  1482 | D:2      | Learned a level 2 spell: Shroud of Golubria
  1482 | D:2      | Noticed Crazy Yiuf
  1498 | D:2      | Killed Crazy Yiuf
  1498 | D:2      | Reached skill level 5 in Polearms
  2177 | D:3      | Reached XP level 5. HP: 38/38 MP: 8/8
  2670 | D:4      | Noticed an ice beast
  2690 | D:4      | Killed an ice beast
  2690 | D:4      | Reached skill level 6 in Polearms
  2690 | D:4      | Reached skill level 5 in Charms
  2690 | D:4      | Reached XP level 6. HP: 32/44 MP: 1/10
  3212 | D:4      | Reached skill level 7 in Polearms
  3437 | D:4      | Learned a level 3 spell: Regeneration
  3524 | D:4      | Found a hide-covered altar of Uskayaw.
  3591 | D:4      | Found a blossoming altar of Fedhas.
  4076 | D:4      | Reached XP level 7. HP: 48/50 MP: 11/11
  4141 | D:4      | HP: 2/50 [gnoll/spear (8)]
  4141 | D:4      | Slain by a gnoll

Vault maps used:
D:1:      sevenhm_arrival_forest_fort_small_6, st_stairs_3
D:2:      grunt_decor_cap, uniq_crazy_yiuf_cottage
D:4:      old_standard_altar, fedhas_altar_3, first_ration

Skill      XL: |  1  2  3  4  5  6 |
---------------+-------------------+-----
Polearms       | 4 5 6 7 |  7.9
Charms         | 4 5 |  5.6
Spellcasting   | 3 |  3.3
Fighting       | |  2.1
Armour         | |  0.6
Dodging        | |  2.6

Action                   |  1- 3 |  4- 6 |  7- 9 || total
-------------------------+-------+-------+-------++-------
Melee: Spear             |   130 |   167 |       ||   297
       Unarmed           |       |     8 |       ||     8
       Trident           |       |    73 |    45 ||   118
 Cast: Infusion          |     2 |     6 |       ||     8
       Shroud of Golubri |       |     2 |     1 ||     3
       Regeneration      |       |       |     1 ||     1
  Use: Potion            |     4 |     2 |     1 ||     7
       Scroll            |       |    13 |       ||    13
  Eat: Chunk             |     1 |    10 |       ||    11
Armor: Leather armour    |    34 |    46 |     5 ||    85
       Skin              |    10 |       |    56 ||    66
Dodge: Dodged            |    59 |   113 |    15 ||   187

Table legend:
 A = Spawn XP
 B = Non-spawn XP
 C = Spawn XP percentage of total XP
 D = Spawn monster count
 E = Non-spawn monster count
 F = Spawn count percentage of total count
 G = Total turns spent on level
                    A         B        C        D         E        F      G
               +---------+---------+-------+---------+---------+-------+---------
         Total |       0 |     702 |   0.0 |       0 |      74 |   0.0 |  4141
               +---------+---------+-------+---------+---------+-------+---------
           D:1 |       0 |      60 |   0.0 |       0 |      26 |   0.0 |  1002
           D:2 |       0 |      79 |   0.0 |       0 |      10 |   0.0 |   959
           D:3 |       0 |     155 |   0.0 |       0 |      22 |   0.0 |  1130
           D:4 |       0 |     408 |   0.0 |       0 |      16 |   0.0 |  1050
               +---------+---------+-------+---------+---------+-------+---------
